 Dungeon Crawl Stone Soup version 0.31.0-9-g3a7656b989 (webtiles) character file.

Game seed: 8730684693690909969

224 qw the Shooter (level 5, 0/26 HPs)
             Began as a Spriggan Hunter on Feb 2, 2024.
             Incinerated by a bombardier beetle (3 damage)
             ... with a burning spray
             ... on level 4 of the Dungeon.
             The game lasted 00:00:07 (2347 turns).

qw the Shooter (Spriggan Hunter)                    Turns: 2347, Time: 00:00:08

Health: 0/26       AC:  4    Str: 13    XL:     5   Next: 67%
Magic:  6/6        EV: 20    Int: 10    God:
Gold:   190        SH:  0    Dex: 21    Spells: 4/4 levels left

rFire   + . .        a - +0 shortbow
rCold   + + .        (shield currently unavailable)
rNeg    . . .        g - +2 robe {rC+ rF+}
rPois   .            (helmet restricted)
rElec   .            (no cloak)
rCorr   .            (gloves unavailable)
SInv    +            (boots unavailable)
Will    .....        (no amulet)
Stlth   +            f - +6 ring of strength
HPRegen 0.24/turn    b - ring of protection from cold
MPRegen 0.10/turn

%: no passive effects
@: on fire, glowing, very quick
A: very small, no large weapons, unfitting armour, see invisible, speed 3
a: no special abilities


You were on level 4 of the Dungeon.
You visited 1 branch of the dungeon, and saw 4 of its levels.

You collected 190 gold pieces.


Innate Abilities, Weirdness & Mutations

You are very small and have problems with some larger weapons.
You are too small for most types of armour.
You have supernaturally acute eyesight. (SInv)
You cover ground extremely quickly. (Speed+++)


   Skills:
 - Level 2.1 Fighting
 + Level 5.8 Ranged Weapons
 - Level 5.2 Dodging
 - Level 1.5 Stealth


You had 4 spell levels left.
You didn't know any spells.
Your spell library was empty.

Inventory:

Hand Weapons
 a - a +0 shortbow (weapon)
Armour
 g - a +2 robe of resistance (worn)
Jewellery
 b - a ring of protection from cold (right hand)
 f - a +6 ring of strength (left hand)
 i - a ring of resist corrosion
Wands
 c - a wand of flame (5)
Scrolls
 d - a scroll of identify

Dungeon Overview and Level Annotations

Branches:
Dungeon (4/15)
 Temple: D:4-7

Altars:
Trog
The Shining One

Shops:
D:2 [

Annotations:
D:3 1 runed translucent door, 2 transporters, Crazy Yiuf; qw's ghost, amateur DjHu


Message History

The liquid fire burns you!
The bombardier beetle sprays incendiary fluid at you.
The burning spray hits you.
You are even more covered in liquid fire!
You shoot an arrow.
The arrow hits the bombardier beetle but does no damage.
The bombardier beetle is almost dead.
The liquid fire burns you!
You shoot an arrow. The arrow hits the bombardier beetle.
You kill the bombardier beetle!
The liquid fire burns you!
You are on fire!
The liquid fire burns you!
You are on fire!
The liquid fire burns you!
You are on fire!
The liquid fire burns you!
You are on fire!
The liquid fire burns you!
You are on fire!
The liquid fire burns you!
You are on fire!
The liquid fire burns you!
You are on fire!
The liquid fire burns you!
You are on fire!
The liquid fire burns you!
You are on fire!
The liquid fire burns you!
You are on fire!
The liquid fire burns you!
You are on fire!
The liquid fire burns you!
You are on fire!
The liquid fire burns you!
You are on fire!
The liquid fire burns you!
You are on fire!
The liquid fire burns you!
You die...

#.###...#.#
###.##).....##
#....<.........
#.#.##......###
#.#.###...#.#
#.#.# #####.#
#.#.# # ##%#.#
#@.#.# #.#.#..
#.###... #.#
#..# ## #.# .#
#


There were no monsters in sight!

Vanquished Creatures
  A bombardier beetle (D:4)
  Terence (D:3)
  Jessica (D:3)
  Natasha (thrice) (D:3)
  2 adders
  4 ball pythons
  3 bats
  2 endoplasms
  3 giant cockroaches
  5 goblins
  7 hobgoblins
  4 jackals (D:1)
  A quokka (D:1)
  4 frilled lizards
  3 kobolds
  7 rats
51 creatures vanquished.

Notes
Turn   | Place    | Note
-------+----------+-------------------------------------------
     0 | D:1      | qw the Spriggan Hunter began the quest for the Orb.
     0 | D:1      | Reached XP level 1. HP: 10/10 MP: 2/2
     0 | D:1      | 0 ||| qw: Version: 0.3-a-155-g5e7d8dd
     0 | D:1      | 0 ||| qw: Game counter: 1106
     0 | D:1      | 0 ||| qw: Melee chars always use a shield: true
     0 | D:1      | 0 ||| qw: God list: Okawaru
     0 | D:1      | 0 ||| qw: Allow faded altars: false
     0 | D:1      | 0 ||| qw: Do Orc after clearing Dungeon:15 true
     0 | D:1      | 0 ||| qw: Do second Lair branch before Depths: true
     0 | D:1      | 0 ||| qw: Lair rune preference: random
     0 | D:1      | 0 ||| qw: Goals: Normal
     0 | D:1      | 0 ||| PLANNING D:1-11
    29 | D:1      | Reached skill level 3 in Dodging
   137 | D:1      | Reached XP level 2. HP: 14/14 MP: 3/3
   190 | D:1      | Found a faded altar of an unknown god.
   301 | D:1      | You fall into a shaft and drop 1 floor!
   347 | D:2      | 347 ||| DROPPING ring of flight.
   348 | D:2      | 348 ||| UPGRADING to +6 ring of strength.
   349 | D:2      | 349 ||| READING 2 scrolls labelled OCUTI OFAVVIPT.
   351 | D:2      | Found a bloodstained altar of Trog.
   370 | D:2      | 370 ||| READING scroll labelled RUTAISCH XITAI.
   371 | D:2      | 371 ||| DROPPING scroll of butterflies.
   582 | D:1      | Reached XP level 3. HP: 18/18 MP: 4/4
   805 | D:1      | 805 ||| UPGRADING to ring of protection from cold.
   828 | D:2      | Found Waduc's Antique Armour Shop.
   866 | D:2      | Identified the +1 leather armour "Ruleis" {+Inv}
  1159 | D:2      | 1159 ||| UPGRADING to +2 robe of resistance.
  1169 | D:2      | 1169 ||| DROPPING +0 robe.
  1211 | D:3      | Noticed Jessica
  1223 | D:3      | HP: 2/18 [Jessica/nerve-wracking pain (4)]
  1224 | D:3      | 1224 ||| READING scroll of teleportation.
  1226 | D:3      | Noticed Natasha
  1230 | D:3      | Killed Natasha
  1289 | D:3      | Noticed Natasha
  1297 | D:3      | Killed Natasha
  1298 | D:3      | Reached XP level 4. HP: 17/22 MP: 5/5
  1305 | D:3      | Noticed Natasha
  1312 | D:3      | Killed Natasha
  1340 | D:3      | Found a bloodstained altar of Trog.
  1375 | D:3      | Killed Jessica
  1376 | D:3      | Reached XP level 5. HP: 26/26 MP: 6/6
  1453 | D:3      | Found a glowing golden altar of the Shining One.
  1746 | D:3      | Found a runed translucent door.
  1747 | D:3      | Noticed Crazy Yiuf
  1931 | D:3      | Found a transporter.
  1960 | D:3      | Found a transporter.
  1962 | D:3      | Noticed qw's ghost (amateur DjHu)
  2048 | D:3      | Noticed Terence
  2057 | D:3      | Killed Terence
  2245 | D:3      | 2245 ||| READING 3 scrolls of identify.
  2245 | D:3      | 2245 ||| IDENTIFYING fuming pink potion
  2246 | D:3      | 2246 ||| READING 2 scrolls of identify.
  2246 | D:3      | 2246 ||| IDENTIFYING scroll labelled DEIKIPR BAMIPI
  2247 | D:3      | 2247 ||| DROPPING scroll of poison.
  2248 | D:3      | 2248 ||| DROPPING potion of invisibility.
  2269 | D:4      | 2269 ||| STAIRDANCE
  2344 | D:4      | HP: 6/26 [burnt (1)]
  2346 | D:4      | HP: 2/26 [burnt (2)]
  2347 | D:4      | Incinerated by a bombardier beetle

Levels and vault maps discovered:
D:1:      dpeg_arrival_shrine, layout_loops_ring, ebering_ecumenical_altar_box,
          minmay_misc_feat_ornament
D:2:      layout_rooms, serial_shops, shop, basic_altar, minivault_26
D:3:      layout_basic, tso_altar, trog_three_pillars_becter,
          gammafunk_ghost_mausoleum, uniq_crazy_yiuf_cottage, uniq_natasha,
          uniq_jessica, uniq_terence
D:4:      layout_loops_ring, nicolae_uskayaw_en_pointe,
          mainiacjoe_overflow_six_doors_small, minmay_temple_entry_mist,
          serial_shops, nicolae_shop_tiny_statue_garden, uniq_blork_the_orc

Skill      XL: |  1  2  3  4 |
---------------+-------------+-----
Dodging        | 3 4 5 |  5.2
Ranged Weapons | 5 |  5.8
Fighting       | 2 |  2.1
Stealth        | |  1.5

Action                     |  1- 3 |  4- 6 || total
---------------------------+-------+-------++-------
   Fire: Shortbow          |   107 |    62 ||   169
    Use: Scroll            |     3 |     2 ||     5
 Armour: Robe              |    18 |     8 ||    26
  Dodge: Dodged            |    49 |    21 ||    70

Table legend:
 A = Non-vault XP
 B = Vault XP
 C = Vault XP percentage of total XP
 D = Non-vault monster count
 E = Vault monster count
 F = Vault count percentage of total count
                 A         B        C        D         E       F
            +---------+---------+-------+---------+---------+-------
      Total |     211 |     110 |  34.3 |      48 |       3 |   5.9
            +---------+---------+-------+---------+---------+-------
        D:1 |      40 |       0 |   0.0 |      23 |       0 |   0.0
        D:2 |      10 |       0 |   0.0 |       7 |       0 |   0.0
        D:3 |     105 |     110 |  51.2 |      15 |       3 |  16.7
        D:4 |      56 |       0 |   0.0 |       3 |       0 |   0.0
            +---------+---------+-------+---------+---------+-------
